AoeStats
← NDF

Arabia

504396070Analyzed
1v1 RM · 27d ago on Sep 5, 2026· 33m 55s· 2 players
Game mode
Random Map
Map size
Tiny (2 player)
Population
200
Speed
Normal
Resources
Standard
Victory
Conquest
Starting age
Dark Age
Ending age
Imperial Age
RankedLock teamsTeams togetherTeam positionsShared explorationLock speedFull tech treeHidden civsTurbo modeCheats
Victory
Defeat
🇦🇷 Teutons · Argentina
478
+9
🇦🇷 Byzantines · Argentina
324
-9
enano traumado
14:20 Feudal Age
14:47 Double-Bit Axe
14:48 Horse Collar
15:04 Gold Mining
15:55 Wheelbarrow
16:24 Stone Mining
17:21 Man-at-Arms
17:48 Arson
19:01 Forging
18:51 Scale Mail Armor
20:01 Scale Barding Armor
27:47 Castle Age
28:44 Bow Saw
29:12 Gold Shaft Mining
29:14 Stone Shaft Mining
28:57 Hand Cart
28:49 Heavy Plow
32:40 Iron Casting
32:20 Chain Mail Armor
33:13 Husbandry
32:38 Light Cavalry
NDF
2:27 Loom
13:26 Feudal Age
22:05 Castle Age
20:56 Double-Bit Axe
20:53 Horse Collar
22:02 Gold Mining
22:53 Crossbowman
24:59 Bow Saw
28:36 Wheelbarrow
28:21 Heavy Plow
30:32 Stone Mining
Connection lost

Rejoining the realm…

Still unreachable

The connection could not be restored.

Session expired

The server has moved on; the page needs a fresh start.